 Dungeon Crawl Stone Soup version 0.31-a0-1-g4198be8af4 (webtiles) character file.

Game seed: 901040374156062445

17140 cheesebisquit the Frost Mage (level 12, -17/92 HPs)
             Began as a Merfolk Ice Elementalist on Apr 30, 2023.
             Was an Elder of Vehumet.
             Demolished by a large slime creature (27 damage)
             ... on level 12 of the Dungeon.
             The game lasted 01:11:30 (16234 turns).

cheesebisquit the Frost Mage (MfIE)                Turns: 16234, Time: 01:11:31

Health: -17/92     AC: 23    Str: 13    XL:     12   Next: 44%
Magic:  29/31      EV: 20    Int: 18    God:    Vehumet [****..]
Gold:   1076       SH:  0    Dex: 23    Spells: 3/24 levels left

rFire   . . .        R - +4 halberd (protect)
rCold   . . .        (shield currently unavailable)
rNeg    . . .        A - +1 robe {Archmagi}
rPois   .            S - +0 helmet
rElec   .            (no cloak)
rCorr   .            (no gloves)
SInv    .            s - +1 pair of boots
Will    .....        h - amulet of magic regeneration
Stlth   +++          b - +6 ring of dexterity
HPRegen 0.35/turn    G - ring of Fuhaam {*Slow +Blink MP+9 Str+4 Dex+2}
MPRegen 0.62/turn

%: slow self (1%), archmagi
@: ice-armoured, about to teleport, under a protective aura, very slightly
contaminated
A: (nimble swimmer 2), mertail
a: Renounce Religion, Evoke Blink


You were on level 12 of the Dungeon.
You worshipped Vehumet.
Vehumet was greatly pleased with you.
You visited 2 branches of the dungeon, and saw 13 of its levels.
You also visited: Sewer, Ossuary and Ice Cave.

You collected 1195 gold pieces.
You spent 119 gold pieces at shops.

Inventory:

Hand Weapons
 g - a +0 glaive
 x - a +0 halberd
 B - a +2 heavy trident
 J - a +6 morningstar
 R - a +4 halberd of protection (weapon)
Missiles
 c - 42 poisoned darts
 k - a throwing net
 M - 2 curare-tipped darts
Armour
 a - a +0 robe
 j - a +2 leather armour of fire resistance
 s - a +1 pair of boots (worn)
 A - a +1 robe of the Archmagi (worn)
 S - a +0 helmet (worn)
Magical Staves
 L - a staff of cold
Jewellery
 b - a +6 ring of dexterity (left hand)
 h - an amulet of magic regeneration (around neck)
 G - the ring of Fuhaam (right hand) {*Slow +Blink MP+9 Str+4 Dex+2}
   (You found it on level 5 of the Dungeon)

   [ring of magical power]

   Str:       It affects your strength (+4).
   Dex:       It affects your dexterity (+2).
   MP:        It affects your magic capacity (+9).
   +Blink:    It lets you blink.
   *Slow:     It may slow you when you take damage.
 O - a ring of protection from cold
Wands
 l - a wand of iceblast (10)
 t - a wand of charming (17)
 v - a wand of digging (4)
 C - a wand of polymorph (4)
 P - a wand of flame (23)
Scrolls
 f - a scroll of vulnerability
 i - 3 scrolls of fog
 m - a scroll of amnesia {unknown}
 n - a scroll of magic mapping
 u - a scroll of brand weapon {unknown}
 N - a scroll of silence {unknown}
 Q - 2 scrolls of immolation {unknown}
 T - a scroll of poison {unknown}
Potions
 d - 2 potions of attraction
 e - 3 potions of brilliance
 p - 4 potions of mutation
 z - 2 potions of magic
 D - a potion of cancellation
 H - 2 potions of lignification
 K - 2 potions of flight


   Skills:
 + Level 7.8 Fighting
 + Level 2.8(6.3) Polearms
 - Level 5.6(5.8) Staves
 + Level 9.8 Dodging
 - Level 2.1 Stealth
 + Level 6.8 Spellcasting
 + Level 14.1 Ice Magic
 - Level 6.6 Evocations


You had 3 spell levels left.
You knew the following spells:

 Your Spells              Type           Power      Damage    Failure   Level
a - Freeze                Ice            100%       1d10      1%          1
b - Frozen Ramparts       Ice            100%       1d16      1%          3
c - Ozocubu's Armour      Ice            71%        N/A       1%          3
d - Ensorcelled Hibernat  Hex/Ice        94%        N/A       1%          2
e - Summon Ice Beast      Ice/Summ       47%        N/A       6%          4
f - Freezing Cloud        Conj/Ice/Air   17%        6-21      12%         5
g - Hailstorm             Conj/Ice       47%        3d11      1%          3

Your spell library contained the following spells:

 Spells                   Type           Power      Damage    Failure   Level
 Eringya's Noxious Bog    Tmut/Pois      4%         N/A       98%         6
 Magic Dart               Conj           36%        1d4       3%          1
 Searing Ray              Conj           18%        2d5       4%          2
 Apportation              Tloc           18%        N/A       11%         1
 Necrotise                Necr           36%        1d5       11%         1
 Slow                     Hex            36%        N/A       11%         1
 Summon Small Mammal      Summ           36%        N/A       11%         1
 Call Canine Familiar     Summ           9%         N/A       32%         3
 Spider Form              Tmut/Pois      9%         N/A       32%         3
 Summon Guardian Golem    Hex/Summ       9%         N/A       32%         3
 Tukima's Dance           Hex            9%         N/A       32%         3
 Fulminant Prism          Conj/Hex       4%         3d5       28%         4
 Yara's Violent Unravell  Hex/Tmut       4%         3d4       58%         5
 Anguish                  Hex/Necr       4%         N/A       73%         4
 Cause Fear               Hex            4%         N/A       73%         4
 Passage of Golubria      Tloc           9%         N/A       73%         4
 Summon Lightning Spire   Summ/Air       9%         N/A       73%         4
 Dragon Form              Tmut           4%         N/A       100%        7
 Storm Form               Tmut/Air       4%         N/A       100%        7
 Maxwell's Capacitive Co  Air            4%         ∞         100%        8
 Dragon's Call            Summ           4%         N/A       100%        9


Dungeon Overview and Level Annotations

Branches:
Dungeon (12/15)            Temple (1/1) D:5            Lair (0/5) D:11
    Orc (0/2) D:10          Sewer (visited)         Ossuary (visited)
  IceCv (visited)

Altars:
Ashenzari
Cheibriados
Dithmenos
Elyvilon
Fedhas
Gozag
Hepliaklqana
Kikubaaqudgha
Makhleb
Nemelex Xobeh
Okawaru
Qazlal
Ru
Sif Muna
Trog
Uskayaw
Vehumet
Wu Jian
Xom
Yredelemnul
Zin
The Shining One

Shops:
D:10 *   D:11 [

Annotations:
D:8 2 transporters


Innate Abilities, Weirdness & Mutations

((You are very nimble when in or above water. (Stealth+, EV+, Speed+++)))
Your lower body shifts to a powerful aquatic tail in water.


Message History

You hit the slime creature.
The slime creature is heavily wounded.
The wall freezes the large slime creature.
The large slime creature misses you.
The wall freezes the slime creature!
The slime creature barely misses you.
You hit the slime creature.
The slime creature is almost dead.
The wall freezes the large slime creature!
The large slime creature hits you!
The wall freezes the slime creature.
The slime creature completely misses you.
You slash the slime creature!
You kill the slime creature!
Vehumet accepts your kill.
The wall freezes the large slime creature!
The large slime creature misses you.
You barely miss the large slime creature.
The large slime creature is severely wounded.
The wall freezes the manticore!
The manticore bites you! The manticore completely misses you.
The manticore closely misses you.
The wall freezes the large slime creature.
The large slime creature hits you but does no damage.
The wall freezes the large slime creature.
The large slime creature hits you!!
* * * LOW HITPOINT WARNING * * *
The wall freezes the manticore!
The manticore closely misses you.
The manticore claws you but does no damage.
The manticore barely misses you.
Okay, then.
As you read the scroll of teleportation, it crumbles to dust.
You feel strangely unstable.
The wall freezes the large slime creature!
The large slime creature completely misses you.
The wall freezes the manticore!
The manticore misses you. The manticore closely misses you.
The manticore misses you.
You barely miss the large slime creature.
The large slime creature is almost dead.
The frozen ramparts melt away.
The manticore bites you.
* * * LOW HITPOINT WARNING * * *
The manticore barely misses you. x2; The large slime creature hits you!!
You die...

*,,,,,,**,*#.....+,* *,,,,#....
***,,,,,,**,#......#** #....#....
,,,,,,,,,**,#......# #....#....
,,,,*******,#......# #....#....
,,,,* #,#...J..# #....#....
,,,,******#.#.....J# #...$#.^..
,,,,,,,,,.#.....,,,* #....#.##.
,,,,,,,,,......J########....#.##.
,,,,,,,,,......H@...........'...>
,,,,,,,,,.#.....######).....#.##.
,,,,,,,,,,#.....,** *#+####+#....
,,,,,,,,,,######,,* *,,,,,,......
,,,,,,,,,,* **,***,,,,,.......
,,,,,,,,,,* *,,,*,,,,,.......
,,,,,,,,,,* ***,*,,,,..D..?..
,,,,,,,,,,* *,*,,,.........
,,,,,,,,,,* *,+,,,,,,....,,


You could see a large slime creature and a manticore.

Vanquished Creatures
  Erolcha (D:11)
  3 two-headed ogres
  A cyclops (D:11)
  A manticore (D:12)
  Joseph (D:8)
  2 unseen horrors
  A komodo dragon (D:10)
  2 unseen horror zombies (D:9)
  3 trolls
  A slime creature (D:12)
  4 shadows
  21 yaks
  A wyvern (D:8)
  Grum (D:11)
  2 steam dragons
  9 vampire mosquitoes (D:11)
  An acid dragon (D:11)
  2 water moccasins
  An ice beast (D:6)
  A black bear (D:5)
  4 sky beasts
  4 orc warriors
  An ogre (D:6)
  11 centaurs
  3 wolves (D:11)
  3 kobold brigands (D:7)
  2 phantoms
  5 bullfrogs
  A gnoll sergeant (D:7)
  3 scorpions
  4 water moccasin zombies (Ossuary)
  10 wights
  3 troll zombies (D:10)
  9 killer bees
  An electric eel (D:11)
  2 howler monkeys
  3 centaur zombies (D:9)
  2 komodo dragon simulacra (IceCv)
  An iron imp (D:3)
  A jelly (D:4)
  3 hounds
  4 orc priests
  A gnoll bouda (D:9)
  6 iguanas
  A sleepcap (D:6)
  11 orc wizards
  5 ogre zombies (D:10)
  2 mummies (Ossuary)
  4 howler monkey zombies (D:9)
  7 gnolls
  12 adders
  2 river rats (D:4)
  6 white imps
  4 ufetubi
  8 adder zombies (Ossuary)
  4 dart slugs (D:1)
  27 orcs
  8 endoplasms
  2 giant cockroaches
  9 goblins
  7 hobgoblins
  6 jackals (D:5)
  3 quokkas
  8 ball pythons
  5 bats
  19 frilled lizards
  2 gnoll zombies (Ossuary)
  A goblin skeleton (D:10)
  A goblin zombie (D:10)
  A hobgoblin skeleton (D:10)
  12 hobgoblin zombies
  16 kobolds
  8 kobold zombies (Ossuary)
  3 orc skeletons (D:10)
  16 orc zombies
  6 rats
372 creatures vanquished.

Vanquished Creatures (collateral kills)
  2 orc priests (D:8)
  An orc wizard (D:8)
  An acid dragon simulacrum (IceCv)
  8 white imps (D:12)
  2 orcs
  An orc zombie (D:10)
15 creatures vanquished.

Vanquished Creatures (others)
  4 plants (D:1)
  3 withered plants (D:9)
7 creatures vanquished.

Grand Total: 394 creatures vanquished

Notes
Turn   | Place    | Note
-------+----------+-------------------------------------------
     0 | D:1      | cheesebisquit the Merfolk Ice Elementalist began the quest
                  | for the Orb.
     0 | D:1      | Reached XP level 1. HP: 13/13 MP: 3/3
    69 | D:1      | Reached XP level 2. HP: 3/19 MP: 3/5
   302 | D:1      | Reached skill level 5 in Ice Magic
   542 | D:1      | Reached XP level 3. HP: 24/24 MP: 3/6
  1519 | D:2      | Reached skill level 6 in Ice Magic
  1526 | D:2      | Reached XP level 4. HP: 26/30 MP: 3/7
  1725 | D:2      | Learned a level 3 spell: Frozen Ramparts
  1729 | D:2      | Learned a level 3 spell: Ozocubu's Armour
  2136 | D:3      | Found a snail-covered altar of Cheibriados.
  2150 | D:3      | Reached XP level 5. HP: 19/35 MP: 1/8
  2309 | D:3      | Reached skill level 7 in Ice Magic
  2640 | D:3      | Found a sparkling altar of Nemelex Xobeh.
  3337 | D:4      | Found a glowing drain.
  3337 | D:4      | Noticed a yak
  3337 | D:4      | Noticed a yak
  3342 | D:4      | Reached XP level 6. HP: 39/41 MP: 6/9
  3377 | D:4      | Noticed a yak
  3378 | D:4      | Noticed a yak
  3380 | Sewer    | Entered a sewer
  3489 | Sewer    | Reached skill level 8 in Ice Magic
  3935 | D:4      | Noticed a yak
  3936 | D:4      | Noticed a yak
  4332 | D:4      | Reached XP level 7. HP: 31/46 MP: 3/10
  4422 | D:4      | Reached skill level 9 in Ice Magic
  4586 | D:4      | Found a shadowy altar of Dithmenos.
  4644 | D:4      | You fall into a shaft and drop 1 floor!
  4644 | D:5      | Entered Level 5 of the Dungeon
  4977 | D:4      | Found a bloodstained altar of Trog.
  4996 | D:4      | Reached skill level 10 in Ice Magic
  5240 | D:4      | Found a shimmering blue altar of Sif Muna.
  5247 | D:4      | Got Sif Muna's Compendium of Niveous Hexing
  5366 | D:4      | Found a sacrificial altar of Ru.
  5418 | D:4      | Found a shimmering altar of Xom.
  5418 | D:4      | Found a sacrificial altar of Ru.
  5420 | D:4      | Found a stormy altar of Qazlal.
  5420 | D:4      | Found a shimmering altar of Xom.
  5420 | D:4      | Found a shimmering altar of Xom.
  5617 | D:5      | Identified the ring of Fuhaam {*Slow +Blink MP+9 Str+4
                  | Dex+2}
  5839 | D:5      | Found a staircase to the Ecumenical Temple.
  5848 | Temple   | Entered the Ecumenical Temple
  5968 | D:5      | Reached XP level 8. HP: 52/52 MP: 11/11
  5992 | D:5      | Found a radiant altar of Vehumet.
  5992 | D:5      | Found a white marble altar of Elyvilon.
  5997 | D:5      | Became a worshipper of Vehumet
  6014 | D:5      | Reached skill level 11 in Ice Magic
  6681 | D:6      | Learned a level 2 spell: Ensorcelled Hibernation
  6883 | D:6      | Reached skill level 1 in Polearms
  7093 | D:6      | Reached skill level 1 in Fighting
  7093 | D:6      | Reached skill level 12 in Ice Magic
  7655 | D:7      | Found a sand-covered staircase.
  7664 | Ossuary  | Entered an ossuary
  7694 | Ossuary  | Reached * piety under Vehumet
  7694 | Ossuary  | Offered knowledge of Magic Dart by Vehumet.
  7781 | Ossuary  | Reached XP level 9. HP: 58/61 MP: 13/13
  7956 | D:7      | Offered knowledge of Poisonous Vapours by Vehumet.
  7958 | D:7      | Reached ** piety under Vehumet
  7961 | D:7      | Reached skill level 1 in Evocations
  7986 | D:7      | Reached skill level 1 in Staves
  8091 | D:7      | Reached skill level 5 in Dodging
  8931 | D:7      | Reached XP level 10. HP: 59/68 MP: 16/16
  9442 | D:8      | Offered knowledge of Ignite Poison by Vehumet.
  9624 | D:8      | Found a transporter.
  9637 | D:8      | Found a transporter.
  9649 | D:8      | Noticed Joseph
  9660 | D:8      | Killed Joseph
  9702 | D:8      | Learned a level 4 spell: Summon Ice Beast
  9888 | D:8      | Reached *** piety under Vehumet
 10136 | D:8      | Found a blossoming altar of Fedhas.
 10551 | D:9      | Noticed a two-headed ogre
 10869 | D:9      | Reached skill level 5 in Fighting
 10982 | D:9      | Reached skill level 13 in Ice Magic
 11044 | D:9      | Reached skill level 5 in Spellcasting
 11458 | D:9      | Reached XP level 11. HP: 45/80 MP: 18/18
 11904 | D:9      | Killed a two-headed ogre
 11991 | D:9      | Offered knowledge of Flame Wave by Vehumet.
 12136 | D:10     | Entered Level 10 of the Dungeon
 12342 | D:10     | Reached skill level 5 in Evocations
 12390 | D:10     | Reached **** piety under Vehumet
 12575 | D:10     | Found a staircase to the Orcish Mines.
 12584 | D:10     | Offered knowledge of Freezing Cloud by Vehumet.
 12598 | D:10     | Learned a level 5 spell: Freezing Cloud
 12604 | D:10     | Identified the +1 plate armour "Jec Nou" {Str+2 Dex+3}
 12613 | D:10     | Noticed a two-headed ogre
 12623 | D:10     | Killed a two-headed ogre
 13079 | D:10     | Learned a level 3 spell: Hailstorm
 13229 | D:10     | Found a stormy altar of Qazlal.
 13462 | D:10     | Found a glowing golden altar of the Shining One.
 13672 | D:10     | Found Bohrock's Bounteous Boutique.
 13673 | D:10     | Noticed a two-headed ogre
 13680 | D:10     | Killed a two-headed ogre
 13814 | D:10     | Bought a +0 pair of boots for 63 gold pieces
 13814 | D:10     | Bought a potion of brilliance for 56 gold pieces
 14176 | D:11     | Found a staircase to the Lair.
 14190 | D:11     | Noticed a cyclops
 14191 | D:11     | Identified the ring "Teojerar" {rPois rC- AC+4 Dex+3 SInv}
 14233 | D:11     | Killed a cyclops
 14313 | D:11     | Reached skill level 5 in Staves
 14588 | D:11     | Found a snail-covered altar of Cheibriados.
 14617 | D:11     | Reached XP level 12. HP: 70/91 MP: 21/21
 14769 | D:11     | Noticed Grum
 14865 | D:11     | Killed Grum
 14962 | D:11     | Reached ***** piety under Vehumet
 14962 | D:11     | Offered knowledge of Eringya's Noxious Bog by Vehumet.
 14976 | D:11     | Found Cheibriados's Comfort Zone.
 15041 | D:11     | Reached skill level 14 in Ice Magic
 15129 | D:11     | Noticed Erolcha
 15142 | D:11     | Killed Erolcha
 15769 | D:12     | Found a frozen archway.
 15844 | IceCv    | Entered an ice cave
 15864 | IceCv    | HP: 1/138 [komodo dragon simulacrum (8)]
 16234 | D:12     | Demolished by a large slime creature

Illustrated notes

Levels and vault maps discovered:
D:1:      amcnicky_arrival_double_pillar, layout_basic, minmay_misc_feat_five,
          minmay_misc_feat_cross, minmay_lizard_king
D:2:      layout_rooms
D:3:      layout_loops_ring, nemelex_diamond_rough_becter, slow_altar_1,
          palyth_stone_intersect, lightli_corner_chamber
D:4:      layout_basic, nzn_overflow_gifts_of_might_and_magic,
          doesnt_xom_only_xom, mainiacjoe_overflow_catwalk, portal_sewer_entry_a
D:5:      layout_basic, jmf_multi_god_temple, minmay_temple_entry_ruins
D:6:      layout_loops_corners
D:7:      minmay_polygon_palace, layout_basic, nicolae_ossuary_entry_ruins
D:8:      gammafunk_steamed_eel, layout_cave_pools, fedhas_altar_4, uniq_joseph
D:9:      layout_loops_corners, serial_undead, serial_undead_b, serial_undead_d,
          serial_undead_e, serial_undead_b, serial_undead_d,
          hangedman_decor_push
D:10:     layout_gridville, mainiacjoe_overflow_six_doors_small,
          lemuel_doored_altar, zombieorc2_lemuel, nicolae_alphabet_shops
D:11:     layout_layer_cave, lair_entry_dummy, hangedman_abyss_or_decor_passed,
          minmay_shop_chei, nicolae_water_bricks, minmay_quadrilaterals,
          uniq_erolcha, uniq_grum
D:12:     layout_basic, portal_ice_cave_entry_imps, ebering_ghost_disaster_area,
          gauntlet_entry_generic
Temple:   nicolae_temple_ecumenical_triangle

Skill      XL: |  1  2  3  4  5  6  7  8  9 10 11 12 |
---------------+-------------------------------------+-----
Ice Magic      | 5 6 7 8 10 12 13 14 | 14.1
Polearms       | 2 |  2.8
Dodging        | 3 5 7 9 |  9.8
Fighting       | 1 4 5 7 |  7.8
Spellcasting   | 4 5 6 |  6.8
Evocations     | 2 4 6 |  6.6
Staves         | 2 3 5 |  5.6
Stealth        | |  2.1

Action                     |  1- 3 |  4- 6 |  7- 9 | 10-12 || total
---------------------------+-------+-------+-------+-------++-------
  Melee: Unarmed           |    10 |       |       |    11 ||    21
         Club              |    13 |       |       |       ||    13
         Whip              |     3 |    23 |       |       ||    26
         Halberd           |       |     1 |    20 |     8 ||    29
         Trident           |       |       |    90 |       ||    90
         Staff             |       |       |    49 |   466 ||   515
         Punch             |       |       |       |    15 ||    15
         Morningstar       |       |       |       |     6 ||     6
  Throw: Dart              |       |       |       |     1 ||     1
   Cast: Freeze            |    58 |    85 |     1 |     3 ||   147
         Frozen Ramparts   |       |    10 |    68 |   105 ||   183
         Ozocubu's Armour  |       |     6 |    51 |    78 ||   135
         Summon Ice Beast  |       |       |       |    16 ||    16
         Hailstorm         |       |       |       |     1 ||     1
    Use: Potion            |     1 |     1 |     5 |    12 ||    19
         Scroll            |       |     7 |    13 |    14 ||    34
   Stab: Sleeping          |       |       |     1 |       ||     1
         Distracted        |       |       |       |     3 ||     3
 Armour: Robe              |     7 |    17 |    78 |   236 ||   338
         Skin              |       |       |       |     7 ||     7
  Dodge: Dodged            |    37 |    73 |   137 |   611 ||   858

Table legend: (Time is in decaauts)
 A = Elapsed time spent in this place.
 B = Non-inter-level travel time spent in this place.
 C = Inter-level travel time spent in this place.
 D = Time resting spent in this place.
 E = Time spent auto-exploring this place.
 F = Levels seen in this place.
 G = Mean time per level.
                   A        B        C        D        E       F      G
               +--------+--------+--------+--------+--------+-----+--------+
         Total |  16240 |  15196 |   1044 |    798 |  11275 |  16 | 1015.0 |
       Dungeon |  15141 |  14111 |   1030 |    798 |  10463 |  12 | 1261.8 |
        Temple |     42 |     28 |     14 |      0 |     21 |   1 |   42.0 |
         Sewer |    493 |    493 |      0 |      0 |    395 |   1 |  493.0 |
       Ossuary |    255 |    255 |      0 |      0 |    130 |   1 |  255.0 |
      Ice Cave |    307 |    307 |      0 |      0 |    266 |   1 |  307.0 |
               +--------+--------+--------+--------+--------+-----+--------+

Top non-repeatable levels by time:
    D:10: 1881 daAuts
     D:3: 1829 daAuts
     D:9: 1674 daAuts
    D:11: 1587 daAuts
     D:7: 1396 daAuts
     D:8: 1318 daAuts
     D:6: 1304 daAuts
     D:4: 1219 daAuts
     D:1: 1195 daAuts
     D:5: 962 daAuts
     D:2: 610 daAuts
   Sewer: 493 daAuts
   IceCv: 307 daAuts
 Ossuary: 255 daAuts
    D:12: 160 daAuts
